 Dungeon Crawl Stone Soup version 0.23-a0-655-g3751e1c (webtiles) character file.

301841 TheGoonsmith the Devastator (level 21, -4/129 HPs)
             Began as a Gargoyle Fire Elementalist on Jan 6, 2019.
             Was the Champion of Vehumet.
             Killed from afar by Margery (39 damage)
             ... with a fireball
             ... on level 4 of the Vaults on Jan 7, 2019.
             The game lasted 02:38:07 (46216 turns).

TheGoonsmith the Devastator (GrFE)                 Turns: 46216, Time: 02:38:09

Health: -4/129     AC: 41    Str: 14    XL:     21   Next: 5%
Magic:  29/39      EV: 16    Int: 26    God:    Vehumet [******]
Gold:   1457       SH: 11    Dex: 14    Spells: 18/48 levels left

rFire    x . .     SeeInvis .   a - +5 demon whip (elec)
rCold    + . .     Gourm    .   y - +0 buckler
rNeg     + . .     Faith    .   f - +6 leather armour "Cearethri" {Str+2}
rPois    ∞         Spirit   .   u - +2 helmet
rElec    +         Reflect  +   V - +2 cloak
rCorr    .         Harm     .   E - +2 pair of gloves
MR       ++...                  l - +2 pair of boots
Stlth    ++........             S - +6 amulet of reflection
HPRegen  0.31/turn              A - ring "Huurhymp" {rPois rF- rC+ MR+ Dex+4}
MPRegen  0.26/turn              H - ring "Ucse" {+Inv Slay+2}

@: no status effects
A: big wings, negative energy resistance 1, electricity resistance, unbreathing,
petrification resistance, rot immunity, AC +16
}: 2/15 runes: decaying, gossamer
a: Fly, Renounce Religion, Evoke Invisibility


You were on level 4 of the Vaults.
You worshipped Vehumet.
Vehumet was exalted by your worship.
You were very hungry.

You visited 6 branches of the dungeon, and saw 35 of its levels.
You also visited: Trove, Sewer and Ossuary.

You collected 4614 gold pieces.
You spent 3157 gold pieces at shops.

Inventory:

Hand Weapons
 a - a +5 demon whip of electrocution (weapon)
Missiles
 C - 4 throwing nets (quivered)
Armour
 f - the +6 leather armour "Cearethri" (worn) {Str+2}
   (You bought it in a shop on level 4 of the Vaults)

   It affects your strength (+2).
 i - +3 fire dragon scales
 l - a +2 pair of boots (worn)
 u - a +2 helmet (worn)
 x - the +3 ring mail of Conin {rElec rPois MR+++ Stlth-}
   (You found it on level 4 of the Lair of Beasts)

   It insulates you from electricity.
   It protects you from poison.
   It affects your resistance to hostile enchantments.
   It makes you less stealthy.
 y - a +0 buckler (worn)
 B - a +2 robe of magic resistance
 E - a +2 pair of gloves (worn)
 V - a +2 cloak (worn)
Magical Staves
 L - an uncursed staff of conjuration {unknown}
 O - an uncursed staff of power
Jewellery
 j - an uncursed ring of wizardry
 q - an uncursed ring of see invisible
 A - the ring "Huurhymp" (left hand) {rPois rF- rC+ MR+ Dex+4}
   (You found it in a treasure trove)

   [ring of dexterity]

   It affects your dexterity (+4).
   It makes you vulnerable to fire.
   It protects you from cold.
   It protects you from poison.
   It affects your resistance to hostile enchantments.
 H - the ring "Ucse" (right hand) {+Inv Slay+2}
   (You found it in a treasure trove)

   [ring of slaying]

   It affects your accuracy and damage with ranged weapons and melee attacks
   (+2).
   It lets you turn invisible.
 S - a +6 amulet of reflection (around neck)
Wands
 b - a wand of flame (25)
 n - a wand of digging (3)
 p - a wand of paralysis (12)
 t - a wand of clouds (6)
 K - a wand of disintegration (59)
 M - a wand of enslavement (21)
 P - a wand of acid (22)
 R - a wand of scattershot (2)
 U - a wand of iceblast (37)
Scrolls
 g - 16 scrolls of remove curse
 k - 18 scrolls of teleportation
 r - 12 scrolls of identify
 D - 3 scrolls of amnesia
 J - a scroll of summoning
 T - 2 scrolls of fear
 W - 6 scrolls of fog
 X - a scroll of blinking
Potions
 d - 4 potions of berserk rage
 e - 5 potions of cancellation
 h - 9 potions of curing
 m - 9 potions of agility
 s - 3 potions of invisibility
 v - 4 potions of haste
 w - 8 potions of might
 z - 2 potions of resistance
 G - 3 potions of magic
 N - 2 potions of heal wounds
 Q - 5 potions of brilliance
 Z - 6 potions of ambrosia
Miscellaneous
 Y - a phial of floods
Comestibles
 c - 38 rations


   Skills:
 - Level 13.0 Fighting
   Level 4.0 Long Blades
 - Level 12.0 Maces & Flails
 - Level 13.0 Armour
 - Level 7.0 Dodging
 - Level 2.1 Stealth
 - Level 4.4 Shields
 + Level 14.1 Spellcasting
 + Level 18.1 Conjurations
 - Level 10.0 Summonings
 - Level 2.3 Translocations
 + Level 15.1 Fire Magic
 - Level 5.0 Evocations


You had 18 spell levels left.
You knew the following spells:

 Your Spells              Type           Power        Failure   Level  Hunger
a - Spellforged Servitor  Conj/Summ      #######...   2%          7    ######.
b - Bolt of Fire          Conj/Fire      #######...   1%          6    ####...
c - Conjure Flame         Conj/Fire      #######.     0%          3    None
d - Swiftness             Chrm/Air       ###.....     5%          2    None
e - Blink                 Tloc           N/A          1%          2    None
f - Fireball              Conj/Fire      #######...   1%          5    ##.....
g - Flame Tongue          Conj/Fire      #####        0%          1    None
s - Sticky Flame          Conj/Fire      #######.     1%          4    None

Your spell library contained the following spells:

 Spells                   Type           Power        Failure   Level  Hunger
 Fire Storm               Conj/Fire      #######...   65%         9    #######
 Shatter                  Erth           ###.......   100%        9    #######
 Tornado                  Air            ###.......   100%        9    #######
 Magic Dart               Conj           ####         0%          1    None
 Throw Flame              Conj/Fire      ######       0%          2    None
 Shock                    Conj/Air       ####         1%          1    None
 Summon Butterflies       Summ           ######..     1%          1    None
 Call Imp                 Summ           ######..     1%          2    None
 Call Canine Familiar     Summ           ######..     1%          3    None
 Dazzling Spray           Conj/Hex       ######       1%          3    None
 Inner Flame              Hex/Fire       ######..     1%          3    None
 Mephitic Cloud           Conj/Pois/Air  #####...     1%          3    None
 Recall                   Summ/Tloc      N/A          1%          3    None
 Static Discharge         Conj/Air       ######..     1%          3    None
 Lightning Bolt           Conj/Air       ######....   1%          5    ##.....
 Animate Skeleton         Necr           N/A          3%          1    None
 Beastly Appendage        Tmut           ###...       3%          1    None
 Confusing Touch          Hex            ###...       3%          1    None
 Corona                   Hex            ###....      3%          1    None
 Infusion                 Chrm           ###.         3%          1    None
 Pain                     Necr           ###.         3%          1    None
 Shroud of Golubria       Chrm/Tloc      ###.......   3%          2    None
 Gell's Gravitas          Tloc           ####......   4%          3    None
 Summon Ice Beast         Ice/Summ       #####...     4%          4    None
 Ensorcelled Hibernation  Hex/Ice        ###...       5%          2    None
 Poisonous Vapours        Pois/Air       ###...       5%          2    None
 Slow                     Hex            ###.....     5%          2    None
 Song of Slaying          Chrm           ###.....     5%          2    None
 Sticks to Snakes         Tmut           ###.....     5%          2    None
 Airstrike                Air            ###.......   10%         4    None
 Confuse                  Hex            ###.....     11%         3    None
 Regeneration             Chrm/Necr      ###.......   11%         3    None
 Spectral Weapon          Hex/Chrm       ###.....     11%         3    None
 Spider Form              Tmut/Pois      ###.......   11%         3    None
 Tukima's Dance           Hex            ###.....     11%         3    None
 Vampiric Draining        Necr           ###.......   11%         3    None
 Summon Mana Viper        Hex/Summ       #####...     12%         5    ##.....
 Freezing Cloud           Conj/Ice/Air   #####.....   12%         6    ####...
 Yara's Violent Unravell  Hex/Tmut       ###.......   24%         5    ##.....
 Animate Dead             Necr           N/A          34%         4    None
 Ice Form                 Ice/Tmut       ###.....     34%         4    None
 Petrify                  Tmut/Erth      ###.....     34%         4    None
 Summon Hydra             Summ           ######....   43%         7    ######.
 Blade Hands              Tmut           ###.......   67%         5    ##.....
 Borgnjor's Vile Clutch   Necr/Erth      ###.......   67%         5    ##.....
 Metabolic Englaciation   Hex/Ice        ###.......   67%         5    ##.....
 Silence                  Hex/Air        ###.......   67%         5    ##.....
 Ring of Flames           Chrm/Fire      ######....   78%         7    ######.
 Death Channel            Necr           ###.......   99%         6    ####...
 Simulacrum               Ice/Necr       ###.......   99%         6    ####...


Dungeon Overview and Level Annotations

Branches:
Dungeon (15/15)            Temple (0/1) D:7            Lair (6/6) D:9
  Swamp (4/4) Lair:2       Spider (4/4) Lair:3        Slime (0/5) Lair:6
    Orc (2/2) D:12            Elf (0/3) Orc:2        Vaults (4/5) D:14
  Crypt (0/3) Vaults:2     Depths (0/5) D:15

Altars:
Ashenzari
Cheibriados
Dithmenos
Fedhas
Kikubaaqudgha
Makhleb
Okawaru
Qazlal
Ru
Sif Muna
Uskayaw
Vehumet
Yredelemnul
The Shining One
Jiyva

Shops:
Orc:2 [!}*   Vaults:2 *   Vaults:4 [

Annotations:
Vaults:4 Margery


Innate Abilities, Weirdness & Mutations

You are resistant to torment.
Your stone body is resilient. (AC +16)
You are immune to poison.
Your large and strong wings let you fly indefinitely.
You resist negative energy. (rN+)
You are resistant to electric shocks. (rElec)
You can survive without breathing.
You are immune to petrification.
You are immune to rotting.


Message History

The hell knight barely misses your spellforged servitor.
The hell knight hits your spellforged servitor with a +1 demon blade of
There is a stone staircase leading up here.
Your spellforged servitor hums quietly as it recharges.
The hell knight casts a spell at you.
The bolt of fire hits the hell knight.
The hell knight completely resists.
The bolt of fire hits you! The fire burns you terribly!
* * * LOW HITPOINT WARNING * * *
You block the hell knight's attack.
The hell knight hits your spellforged servitor with a +0 glaive of flaming!!
The hell knight burns your spellforged servitor.
Okay, then.
You block the hell knight's attack.
The hell knight gestures wildly while chanting.
The hell knight blinks!
Margery gestures at you while chanting.
The fireball explodes!
The fireball engulfs the hell knight.
The hell knight completely resists.
The fireball engulfs you! The fire burns you terribly!
You die...

###........###
#........p...#
##########'######
###########pp.....####
#........@p8......#...
#....p..).#.......'.[.
#.......§.#.......#...
#.....p...#.....†.#.<.
#.⌠..@p.⌠.#.......#...
#.........#.......#...
#.........#.......#...
#....⌠....#.......#...
#.........#.......#...
###########.......####


You could see Margery, 6 hell knights and a friendly spellforged servitor.

Vanquished Creatures
  Frederick (Vaults:2)
  the Lernaean hydra (Swamp:3)
  Kirke (Lair:2)
  4 thorn hunters
  An orc warlord (Vaults:1)
  4 ghost moths
  3 fire giants
  Louise (Spider:2)
  8 vault wardens
  7 emperor scorpions (Spider:4)
  3 stone giants
  12 ironheart preservers
  A very ugly thing (Vaults:3)
  4 entropy weavers
  A deep elf demonologist (Vaults:2)
  A spark wasp (Spider:4)
  An ettin (shapeshifter) (Vaults:3)
  Snorg (D:12)
  5 ettins
  3 fire dragons
  3 yaktaur captains
  2 great orbs of eyes
  A rakshasa (Vaults:2)
  27 hydras
  2 vault guards (Vaults:3)
  2 ice dragons
  2 shambling mangroves
  A ghost crab (Swamp:4)
  A merfolk avatar (Lair:6)
  6 centaur warriors
  2 death knights
  12 ogre magi
  36 two-headed ogres
  A tengu warrior (D:15)
  14 alligators
  2 deep troll earth magi (Vaults:2)
  5 orc high priests (Orc:2)
  3 deep elf knights
  Urug (D:11)
  Nergalle (D:11)
  4 skeletal warriors (Vaults:2)
  3 unseen horrors
  A sea snake (Lair:6)
  3 shadow wraiths
  A deep troll (Vaults:2)
  A death drake (shapeshifter) (D:14)
  A tengu zombie (Vaults:2)
  11 swamp dragons
  4 flayed ghosts
  14 ironbrand convokers
  3 deep elf archers
  6 wizards
  A human zombie (Vaults:2)
  15 orc knights
  45 wolf spiders
  Pikel (D:4)
  3 harpies (shapeshifter)
  13 orb spiders
  The ghost of Greg the Covert, a novice SpAs (D:7)
  2 orc sorcerers
  A wolf spider zombie (D:15)
  6 deep elf magi
  A faun (shapeshifter) (Vaults:4)
  18 ugly things
  A cyclops (D:12)
  A moth of wrath (Spider:4)
  A manticore (shapeshifter) (D:15)
  2 manticores
  29 elephants
  5 vault sentinels
  Joseph (D:8)
  A black mamba (shapeshifter) (Vaults:4)
  6 black mambas
  Psyche (D:8)
  11 spiny frogs
  6 freezing wraiths
  4 torpor snails
  A kobold demonologist (D:14)
  13 yaktaurs
  8 rime drakes
  2 efreet
  14 komodo dragons
  18 demonic crawlers
  A tengu conjurer (D:15)
  A yaktaur (shapeshifter) (D:14)
  11 tyrant leeches
  9 trolls
  A queen bee (shapeshifter) (Vaults:1)
  31 hornets
  Grinder (D:5)
  46 jumping spiders
  7 polar bears
  13 blink frogs
  7 hippogriffs
  31 slime creatures
  19 bog bodies
  4 dream sheep (Lair:4)
  A shadow (D:14)
  78 redbacks
  8 spriggans
  24 tarantellas
  3 wyverns
  2 vampires
  2 wraiths
  35 yaks
  A fire bat (shapeshifter) (D:14)
  6 hungry ghosts
  4 hogs
  Grum (D:8)
  A yaktaur simulacrum (Vaults:2)
  13 vampire mosquitoes
  Edmund (D:5)
  A human simulacrum (Vaults:2)
  10 insubstantial wisps
  4 wargs
  18 swamp worms
  3 acid dragons
  8 porcupines
  11 water moccasins
  Duvessa (D:5)
  A hornet zombie (D:8)
  42 orc warriors
  17 swamp drakes
  2 sky beasts
  2 slaves (D:4)
  5 ice beasts
  A necrophage (D:11)
  A black bear (D:8)
  20 ogres
  A phantom (D:8)
  4 boggarts (D:15)
  An eye of draining (D:13)
  16 wolves
  21 centaurs
  A human skeleton (Vaults:2)
  12 crocodiles
  A big kobold (Sewer)
  An elf zombie (Ossuary)
  21 bullfrogs
  Dowan (D:5)
  A water moccasin zombie (D:5)
  A water moccasin skeleton (D:8)
  2 scorpions
  9 killer bees
  18 wights
  An electric eel (Spider:4)
  3 howler monkeys (D:11)
  13 crimson imps
  3 centaur zombies
  2 bullfrog zombies
  3 centaur skeletons
  7 jellies
  30 orc priests
  5 hounds
  5 bullfrog skeletons
  Ijyb (D:3)
  20 orc wizards
  5 iguanas
  10 worker ants
  7 hell rats (Lair:5)
  A big kobold zombie (Ossuary)
  A hound zombie (D:7)
  A hound skeleton (D:4)
  A howler monkey zombie (D:5)
  Robin (D:3)
  3 mummies (Ossuary)
  14 adders
  5 river rats
  4 shadow imps
  2 oozes (Lair:6)
  2 adder zombies (Ossuary)
  An adder skeleton (D:9)
  6 worms
  2 dart slugs
  10 leopard geckos
  109 orcs
  4 giant cockroaches
  2 gnoll zombies (Ossuary)
  21 goblins
  16 hobgoblins
  21 jackals
  12 kobolds
  6 quokkas
  9 bats
  6 frilled lizards
  3 goblin zombies (Ossuary)
  2 hobgoblin zombies (Ossuary)
  A kobold zombie (Ossuary)
  A leopard gecko skeleton (D:5)
  A leopard gecko zombie (D:8)
  A quokka skeleton (D:8)
  3 quokka zombies (Ossuary)
  9 rats
  3 rat zombies (Ossuary)
  3 briar patches (Swamp:3)
  A bush (Lair:5)
  2 fungi
  A plant (D:9)
1497 creatures vanquished.

Vanquished Creatures (collateral kills)
  A yaktaur captain (Vaults:3)
  A vault guard (Vaults:3)
  A death knight (Vaults:3)
  A yaktaur (Vaults:3)
4 creatures vanquished.

Vanquished Creatures (others)
  A centaur warrior (Vaults:3)
  A slime creature (Swamp:4)
  3 centaurs
  A frilled lizard (D:4)
  A briar patch (Swamp:3)
  14 fungi
  7 plants
28 creatures vanquished.

Grand Total: 1529 creatures vanquished

Notes
Turn   | Place    | Note
-------+----------+-------------------------------------------
     0 | D:1      | TheGoonsmith the Gargoyle Fire Elementalist began the quest
                  | for the Orb.
     0 | D:1      | Reached XP level 1. HP: 10/10 MP: 3/3
   114 | D:1      | Reached XP level 2. HP: 15/15 MP: 0/5
   267 | D:1      | Reached skill level 2 in Conjurations
   380 | D:1      | Reached XP level 3. HP: 19/19 MP: 0/6
  1218 | D:2      | Reached skill level 3 in Conjurations
  1218 | D:2      | Reached XP level 4. HP: 24/24 MP: 5/7
  1477 | D:2      | Found a stormy altar of Qazlal.
  1889 | D:2      | Learned a level 4 spell: Sticky Flame
  1893 | D:2      | Learned a level 3 spell: Conjure Flame
  2044 | D:3      | Reached XP level 5. HP: 28/28 MP: 1/9
  2315 | D:3      | Noticed Ijyb
  2412 | D:3      | Killed Ijyb
  2412 | D:3      | Reached skill level 4 in Conjurations
  2429 | D:3      | Found a snail-covered altar of Cheibriados.
  2486 | D:3      | Noticed Robin
  2496 | D:3      | Killed Robin
  2508 | D:3      | Reached XP level 6. HP: 19/32 MP: 2/10
  2539 | D:3      | Found a glowing drain.
  2549 | Sewer    | Entered a sewer
  2567 | Sewer    | Reached skill level 5 in Conjurations
  2986 | Sewer    | Found a white marble altar of Elyvilon.
  3651 | D:4      | Reached XP level 7. HP: 35/36 MP: 4/11
  3669 | D:4      | Reached skill level 6 in Conjurations
  3763 | D:4      | Found an iron altar of Okawaru.
  3766 | D:4      | Reached skill level 5 in Fire Magic
  3767 | D:4      | Found a sacrificial altar of Ru.
  3890 | D:4      | Noticed a hungry ghost
  3898 | D:4      | Killed a hungry ghost
  3902 | D:4      | Found a hide-covered altar of Uskayaw.
  4037 | D:4      | Learned a level 5 spell: Fireball
  4103 | D:4      | Noticed Pikel
  4115 | D:4      | Killed Pikel
  4115 | D:4      | Reached XP level 8. HP: 36/44 MP: 4/15
  4576 | D:5      | Entered Level 5 of the Dungeon
  4611 | D:5      | Noticed Duvessa
  4611 | D:5      | Noticed Dowan
  4619 | D:5      | Killed Duvessa
  4619 | D:5      | Killed Dowan
  4619 | D:5      | Reached skill level 5 in Spellcasting
  4619 | D:5      | Reached skill level 7 in Conjurations
  4634 | D:5      | Noticed Edmund
  4647 | D:5      | Killed Edmund
  4842 | D:5      | Noticed Grinder
  4849 | D:5      | Killed Grinder
  4849 | D:5      | Reached XP level 9. HP: 42/49 MP: 10/16
  4989 | D:5      | Found a radiant altar of Vehumet.
  4998 | D:5      | Became a worshipper of Vehumet
  5655 | D:5      | Found an ancient bone altar of Kikubaaqudgha.
  5707 | D:6      | Found a shattered altar of Ashenzari.
  5751 | D:6      | Found a sand-covered staircase.
  5760 | Ossuary  | Entered an ossuary
  5765 | Ossuary  | Reached skill level 8 in Conjurations
  5931 | Ossuary  | Reached * piety under Vehumet
  5931 | Ossuary  | Offered knowledge of Shock by Vehumet.
  6256 | D:6      | Found a deep blue altar of Sif Muna.
  6907 | D:7      | Reached skill level 5 in Fighting
  6913 | D:7      | Found a staircase to the Ecumenical Temple.
  7084 | D:7      | Reached skill level 1 in Armour
  7233 | D:7      | Reached ** piety under Vehumet
  7313 | D:7      | Offered knowledge of Sandblast by Vehumet.
  7318 | D:7      | Reached XP level 10. HP: 59/59 MP: 11/18
  7674 | D:7      | Found a large runed door.
  7674 | D:7      | Found a large runed door.
  7709 | D:7      | Noticed Greg's ghost (novice SpAs)
  7935 | D:7      | Killed Greg's ghost
  8077 | D:8      | Noticed a two-headed ogre
  8085 | D:8      | Killed a two-headed ogre
  8085 | D:8      | Reached skill level 5 in Armour
  8159 | D:8      | Reached skill level 9 in Conjurations
  8197 | D:8      | Offered knowledge of Searing Ray by Vehumet.
  8290 | D:8      | Noticed Psyche
  8298 | D:8      | Killed Psyche
  8306 | D:8      | Learned a level 2 spell: Searing Ray
  8313 | D:8      | Noticed Joseph
  8335 | D:8      | Killed Joseph
  8370 | D:8      | Noticed Grum
  8375 | D:8      | Killed Grum
  8378 | D:8      | Reached XP level 11. HP: 51/69 MP: 14/20
  8585 | D:8      | Found a shadowy altar of Dithmenos.
  8587 | D:8      | Identified the Papyrus of Enchantment
  8660 | D:8      | Reached *** piety under Vehumet
  8752 | D:8      | Found a glowing golden altar of the Shining One.
  9078 | D:9      | Found a staircase to the Lair.
  9090 | D:9      | Reached skill level 10 in Fighting
  9241 | D:9      | Offered knowledge of Stone Arrow by Vehumet.
  9241 | D:9      | Reached skill level 1 in Long Blades
  9413 | D:9      | Found a blossoming altar of Fedhas.
  9910 | D:10     | Entered Level 10 of the Dungeon
 10185 | D:10     | Learned a level 2 spell: Blink
 10258 | D:10     | Reached skill level 1 in Translocations
 10536 | D:11     | Reached **** piety under Vehumet
 10567 | D:11     | Noticed Nergalle
 10579 | D:11     | Killed Nergalle
 10729 | D:11     | Offered knowledge of Throw Icicle by Vehumet.
 10916 | D:11     | Noticed Urug
 10934 | D:11     | Killed Urug
 11496 | D:11     | Reached XP level 12. HP: 63/77 MP: 6/21
 11590 | D:10     | Reached skill level 10 in Armour
 12273 | Lair:1   | Entered Level 1 of the Lair of Beasts
 12327 | Lair:1   | Reached skill level 1 in Evocations
 12471 | Lair:1   | Reached skill level 5 in Dodging
 12652 | Lair:1   | Reached skill level 1 in Maces & Flails
 13571 | Lair:2   | Noticed a seven-headed hydra
 13581 | Lair:2   | Killed a seven-headed hydra
 13745 | Lair:2   | Found a staircase to the Swamp.
 13833 | Lair:2   | Reached ***** piety under Vehumet
 13833 | Lair:2   | Reached skill level 5 in Evocations
 14135 | Lair:2   | Reached skill level 5 in Maces & Flails
 14168 | Lair:2   | Offered knowledge of Iskenderun's Mystic Blast by Vehumet.
 14223 | Lair:2   | Reached XP level 13. HP: 56/82 MP: 20/22
 15117 | Lair:3   | Got a jewelled leather armour
 15128 | Lair:3   | Identified the +1 leather armour of Ige Com {+Fly Regen+
                  | Int-2 Stlth+} (You found it on level 3 of the Lair of
                  | Beasts)
 15546 | Lair:3   | You fall through a shaft for 3 floors!
 15546 | Lair:6   | Entered Level 6 of the Lair of Beasts
 15767 | Lair:5   | Reached skill level 10 in Maces & Flails
 16503 | Lair:3   | Found a hole to the Spider Nest.
 17923 | Lair:4   | Got a crude ring mail
 17942 | Lair:4   | Gained mutation: Your large and strong wings let you fly
                  | indefinitely. [Gargoyle growth]
 17942 | Lair:4   | Reached XP level 14. HP: 88/88 MP: 11/23
 18089 | Lair:4   | Identified the +3 ring mail of Conin {rElec rPois MR+++
                  | Stlth-} (You found it on level 4 of the Lair of Beasts)
 18669 | Lair:5   | Learned a level 2 spell: Swiftness
 19400 | Lair:6   | Offered knowledge of Force Lance by Vehumet.
 20170 | Lair:6   | Found a runed door.
 20170 | Lair:6   | Found a viscous altar of Jiyva.
 20174 | Lair:6   | Found a staircase to the Slime Pits.
 20789 | D:12     | Found a staircase to the Orcish Mines.
 21140 | D:12     | Noticed Snorg
 21148 | D:12     | Killed Snorg
 21455 | Orc:1    | Entered Level 1 of the Orcish Mines
 21678 | Orc:2    | Entered Level 2 of the Orcish Mines
 21678 | Orc:2    | Found a burning altar of Makhleb.
 22157 | Orc:2    | Found a staircase to the Elven Halls.
 23003 | Orc:2    | Reached XP level 15. HP: 96/96 MP: 21/27
 23048 | Orc:2    | Offered knowledge of Lee's Rapid Deconstruction by Vehumet.
 23521 | Orc:2    | Reached skill level 10 in Conjurations
 23651 | Orc:2    | Found Viyclu's Distillery.
 23654 | Orc:2    | Found Izew Jud's Gadget Shoppe.
 23655 | Orc:2    | Found Manymaum's Antique Armour Emporium.
 23656 | Orc:2    | Found Aghig's Assorted Antiques.
 23663 | Orc:2    | Bought a potion of agility for 48 gold pieces
 23663 | Orc:2    | Bought a potion of agility for 48 gold pieces
 23663 | Orc:2    | Bought a potion of agility for 48 gold pieces
 23760 | Orc:2    | Bought fire dragon scales for 1620 gold pieces
 23760 | Orc:2    | Bought a potion of curing for 81 gold pieces
 23775 | Orc:2    | Bought 2 potions of heal wounds for 120 gold pieces
 23775 | Orc:2    | Bought a potion of heal wounds for 60 gold pieces
 23775 | Orc:2    | Bought a potion of haste for 120 gold pieces
 24454 | D:13     | Found a portal to a secret trove of treasure.
 24462 | D:13     | You paid a toll of 13 potions of heal wounds to enter a
                  | treasure trove
 24463 | Trove    | Entered a treasure trove
 24469 | Trove    | Found the +0 mask of the Dragon {MR+ Slay+3 SInv}
 24471 | Trove    | Got a heavily runed bone ring
 24475 | Trove    | Got a translucent brass amulet
 24477 | Trove    | Got a scorched wooden ring
 24484 | Trove    | Got a steaming demon whip
 24488 | Trove    | Got a crude morningstar
 24509 | D:13     | Identified the +0 demon whip "Suhil" {drain, -Tele rPois
                  | MR+++} (You found it in a treasure trove)
 24510 | D:13     | Identified the cursed +1 morningstar of Impermanence
                  | {protect, rF+ MR+ Str+3 Dex-2} (You found it in a treasure
                  | trove)
 24515 | D:13     | Identified the amulet of the Commoners {Spirit rPois} (You
                  | found it in a treasure trove)
 24517 | D:13     | Identified the ring "Ucse" {+Inv Slay+2} (You found it in a
                  | treasure trove)
 24519 | D:13     | Identified the ring "Huurhymp" {rPois rF- rC+ MR+ Dex+4}
                  | (You found it in a treasure trove)
 25441 | D:14     | Offered knowledge of Conjure Ball Lightning by Vehumet.
 25843 | D:14     | Reached skill level 11 in Conjurations
 25848 | D:14     | Found a gate to the Vaults.
 26151 | D:15     | Entered Level 15 of the Dungeon
 26186 | D:15     | Identified the cursed +3 hunting sling of Kawoaps {flame,
                  | rC- Dex+4}
 26201 | D:15     | HP: 1/96 [ogre mage/crystal spear (36)]
 26702 | D:15     | Found a staircase to the Depths.
 27378 | D:15     | Reached XP level 16. HP: 101/101 MP: 29/29
 27686 | Spider:1 | Entered Level 1 of the Spider Nest
 27986 | Spider:1 | Offered knowledge of Bolt of Fire by Vehumet.
 27994 | Spider:1 | Learned a level 6 spell: Bolt of Fire
 29450 | Spider:1 | Reached skill level 10 in Fire Magic
 29947 | Spider:2 | Reached skill level 12 in Conjurations
 30127 | Spider:2 | Noticed Louise
 30144 | Spider:2 | Killed Louise
 30144 | Spider:2 | Reached skill level 10 in Spellcasting
 30185 | Spider:2 | Reached ****** piety under Vehumet
 30200 | Spider:2 | Offered knowledge of Bolt of Cold by Vehumet.
 30766 | Spider:2 | Identified a scroll of acquirement
 31243 | Spider:3 | Reached XP level 17. HP: 108/108 MP: 1/31
 31791 | Spider:4 | Entered Level 4 of the Spider Nest
 31830 | Spider:4 | Offered knowledge of Spellforged Servitor by Vehumet.
 31839 | Spider:4 | Learned a level 7 spell: Spellforged Servitor
 32668 | Spider:4 | Identified the Papyrus of Aid and Calling
 33527 | Spider:4 | Offered knowledge of Fire Storm by Vehumet.
 33527 | Spider:4 | Offered knowledge of Shatter by Vehumet.
 33527 | Spider:4 | Offered knowledge of Tornado by Vehumet.
 34202 | Spider:4 | Got a gossamer rune of Zot
 34434 | Swamp:1  | Entered Level 1 of the Swamp
 34445 | Swamp:1  | Upgraded the game from 0.23-a0-650-ga4d50d4 to
                  | 0.23-a0-655-g3751e1c
 34470 | Swamp:1  | Reached skill level 1 in Summonings
 34639 | Swamp:1  | Noticed Kirke
 35004 | Lair:2   | Killed Kirke
 35004 | Lair:2   | Reached XP level 18. HP: 114/114 MP: 27/36
 36487 | Swamp:2  | Reached skill level 13 in Conjurations
 37486 | Swamp:3  | Reached skill level 5 in Summonings
 38032 | Swamp:4  | Entered Level 4 of the Swamp
 38628 | Swamp:4  | Noticed the 27-headed Lernaean hydra
 38662 | Swamp:3  | Killed the 27-headed Lernaean hydra
 38992 | Swamp:4  | Got a decaying rune of Zot
 39264 | Swamp:4  | Reached XP level 19. HP: 104/119 MP: 34/37
 39278 | Swamp:4  | Reached skill level 14 in Conjurations
 40112 | Vaults:1 | Entered Level 1 of the Vaults
 42422 | Vaults:2 | Reached skill level 15 in Conjurations
 42734 | Vaults:2 | Found a staircase to the Crypt.
 42734 | Vaults:2 | Found a basalt altar of Yredelemnul.
 42735 | Vaults:2 | Found an ancient bone altar of Kikubaaqudgha.
 42778 | Vaults:2 | Found Deklodinn's Assorted Antiques.
 42786 | Vaults:2 | Bought a potion of heal wounds for 170 gold pieces
 42786 | Vaults:2 | Bought a scroll of teleportation for 102 gold pieces
 42786 | Vaults:2 | Bought a potion of might for 136 gold pieces
 43365 | Vaults:2 | Reached XP level 20. HP: 109/124 MP: 38/38
 43409 | Vaults:2 | Noticed Frederick
 43422 | Vaults:2 | Killed Frederick
 44034 | Vaults:3 | You fall through a shaft!
 44035 | Vaults:4 | Noticed Margery
 44547 | Vaults:3 | Reached skill level 16 in Conjurations
 44548 | Vaults:3 | Reached skill level 10 in Summonings
 44822 | Vaults:3 | Reached skill level 15 in Fire Magic
 45219 | Vaults:3 | Reached skill level 17 in Conjurations
 45730 | Vaults:4 | Found Nuac's Armour Shop.
 45744 | Vaults:4 | Bought the +6 leather armour "Cearethri" {Str+2} for 604
                  | gold pieces
 45760 | Vaults:4 | Reached skill level 18 in Conjurations
 45993 | Vaults:4 | Reached XP level 21. HP: 111/129 MP: 29/39
 46216 | Vaults:4 | Killed from afar by Margery

Vault maps used:
D:1:      wander_arrival_chamber
D:2:      grunt_qazlal_sundering
D:3:      cheibriados_altar_1, portal_sewer_entry_b, st_stairs_12, minivault_14,
          uniq_ijyb, uniq_robin
D:4:      lemuel_doored_altar, gammafunk_temple_overflow_pools, first_ration,
          kennysheep_generic_room_11, uniq_pikel
D:5:      nicolae_overflow_crystal_walls, lemuel_coloured_pillars_altar,
          uniq_grinder, uniq_edmund, uniq_duvessa
D:6:      ashenzari_altar_1, kennysheep_mini, enter_ossuary_1
D:7:      minmay_temple_entry_arrows, ebering_ghost_disaster_area,
          roderic_serpentine_path, grunt_ogre_cave
D:8:      nicolae_tso_carved_into_rock, old_standard_altar, uniq_joseph,
          uniq_grum, uniq_psyche
D:9:      old_standard_altar, david_lair_shrubbed
D:10:     kennysheep_potato
D:11:     st_stairs_7, grunt_ministairs_10, kennysheep_generic_room_10,
          uniq_nergalle, uniq_urug
D:12:     david_orc_2, uniq_snorg
D:13:     nicolae_trove_entry_columns, minmay_checkerbox
D:14:     david_vaults_2, minmay_tree_intersection, minivault_1,
          kennysheep_generic_room_12
D:15:     hangedman_depths_entry_civil_slaughter, grunt_decor_cap,
          kennysheep_pointless_box
Lair:1:   minmay_holes, st_stairs_8, serial_bayou_shore_a
Lair:2:   beast_lair_carwin_large_3, minmay_swamp_entry_reptiles
Lair:3:   spider_nest_entry_a
Lair:4:   worms_lemuel
Lair:5:   grunt_megastairs_3
Lair:6:   gammafunk_lair_ancient_temple, slime_altar_2,
          chequers_serial_rivers_room_a
Swamp:1:  evilmike_swamp_ruin_rubble_2, swamp_pool5, uniq_kirke
Swamp:2:  hangedman_swamp_cone, swamp_pool1, st_swamp_ruins_4,
          infiniplex_staircase_pool
Swamp:3:  evilmike_swamp_ruin_house_6
Swamp:4:  grunt_swamp_rune_castle, swamp_pool4,
          nicolae_swamp_orc_logging_accident
Spider:1: nicolae_spider_mines_3, guppyfry_spider_mini_1
Spider:2: einodemon_crawler_minivault, uniq_louise
Spider:4: guppyfry_spider_rune
Orc:2:    st_orc_pillars, bloody_makhleb
Vaults:1: nicolae_vaults_ninety_degrees, v_misc_17,
          nicolae_vaults_circle_grid_a, hangedman_vaults_maws, v_misc_1,
          v_misc_33, special_room_vaults, hangedman_vaults_cutoff, v_misc_4,
          vaults_room_pool, vaults_room_door_ring
Vaults:2: nicolae_vaults_windows_and_doors_thing, ontoclasm_vaults_chip,
          minmay_crypt_entry_necro_gods, nicolae_vaults_network_periphery,
          v_alt_pattern_5, hangedman_vaults_capsules, serial_ice_m,
          serial_shops, shop, uniq_frederick
Vaults:3: v_misc_18, nicolae_vaults_little_squares_1, vaults_mumra_chevron_long,
          st_smaller_cells, vaults_mumra_hexcomb, hangedman_vaults_maws,
          grunt_vaults_diagonal, nicolae_vaults_inception_scallops, v_misc_30,
          nicolae_vaults_network_s, nicolae_vaults_sealed_display,
          ontoclasm_vaults_hangar
Vaults:4: hangedman_vaults_slice, v_misc_18, nicolae_vaults_border_crossing,
          nicolae_vaults_display_case, ontoclasm_vaults_decontamination,
          ontoclasm_vaults_bender, ontoclasm_vaults_loading_screen,
          hangedman_vaults_stagger, nicolae_vaults_ring_of_whatevers,
          nicolae_vaults_diagonal_hallway_7, vaults_room_semicircle,
          nicolae_vaults_circle_grid_b, vaults_mumra_lcd,
          nicolae_vaults_triangles, vaults_room_large_hall, serial_shops, shop,
          shop, nicolae_shop_crystal, uniq_margery
Trove:    trove_simple
Sewer:    sewer_kobolds
Ossuary:  ossuary_minmay_chase

Skill      XL: |  1  2  3  4  5  6  7  8  9 10 11 12 13 14 15 16 17 18 19 20 |
---------------+-------------------------------------------------------------+-----
Conjurations   | 2 3 4 5 6 7 8 9 11 12 13 15 18 | 18.1
Spellcasting   | 3 4 5 6 8 9 10 14 | 14.1
Fire Magic     | 4 5 6 7 9 10 11 12 14 15 | 15.1
Fighting       | 2 5 8 10 12 13 | 13.0
Shields        | 2 4 |  4.4
Dodging        | 2 3 5 6 7 |  7.0
Armour         | 1 6 9 10 12 13 | 13.0
Long Blades    | 4 |  4.0
Translocations | 2 |  2.3
Evocations     | 5 |  5.0
Maces & Flails | 6 10 12 | 12.0
Summonings     | 2 6 9 10 | 10.0
Stealth        | |  2.1

Action                   |  1- 3 |  4- 6 |  7- 9 | 10-12 | 13-15 | 16-18 | 19-21 || total
-------------------------+-------+-------+-------+-------+-------+-------+-------++-------
Melee: Unarmed           |     9 |       |       |       |       |     1 |       ||    10
       Club              |    10 |       |       |       |       |       |       ||    10
       Dagger            |       |   169 |   106 |       |       |       |       ||   275
       Flail             |       |       |   115 |     6 |       |       |       ||   121
       Long sword        |       |       |       |    33 |       |       |       ||    33
       Falchion          |       |       |       |    99 |       |       |       ||    99
       Eveningstar       |       |       |       |    43 |   486 |       |       ||   529
       Demon whip        |       |       |       |       |   258 |  1270 |  1028 ||  2556
 Cast: Flame Tongue      |    56 |   147 |   185 |   520 |   477 |   259 |       ||  1644
       Sticky Flame      |       |       |     5 |    53 |   184 |   176 |     7 ||   425
       Conjure Flame     |       |       |    10 |    11 |     1 |       |       ||    22
       Fireball          |       |       |       |    35 |    81 |    92 |    37 ||   245
       Blink             |       |       |       |     1 |       |       |       ||     1
       Searing Ray       |       |       |       |       |     2 |       |       ||     2
       Bolt of Fire      |       |       |       |       |       |    91 |    90 ||   181
       Spellforged Servi |       |       |       |       |       |       |     2 ||     2
 Abil: Fly               |       |       |       |       |     1 |       |       ||     1
       Stop Flying       |       |       |       |       |     1 |       |       ||     1
Evoke: Wand              |       |       |       |       |       |     1 |       ||     1
  Use: Scroll            |       |     8 |     6 |     6 |    22 |    14 |     4 ||    60
       Potion            |       |       |       |     2 |     7 |     4 |       ||    13
 Stab: Sleeping          |       |       |     1 |       |       |       |       ||     1
       Invisible         |       |       |       |     2 |       |       |       ||     2
  Eat: Chunk             |     2 |     8 |    11 |    41 |    50 |    25 |    33 ||   170
       Ration            |       |       |     1 |       |     9 |    14 |     3 ||    27
Armor: Robe              |    19 |    76 |    51 |       |       |       |       ||   146
       Skin              |       |    15 |       |       |       |       |       ||    15
       Ring mail         |       |       |    43 |   140 |   186 |       |       ||   369
       Scale mail        |       |       |       |   153 |   233 |       |       ||   386
       Fire dragon scale |       |       |       |       |   168 |  1544 |   375 ||  2087
       Leather armour    |       |       |       |       |       |       |    12 ||    12
Dodge: Dodged            |    19 |   121 |   113 |   268 |   414 |   920 |   231 ||  2086
Block: Buckler           |       |       |    33 |   103 |   343 |  1031 |   311 ||  1821
       Reflection        |       |       |       |       |    23 |     3 |    37 ||    63
       Rpst.: Long sword |       |       |       |     9 |       |       |       ||     9
       Falchion          |       |       |       |    51 |       |       |       ||    51

Table legend:
 A = Non-vault XP
 B = Vault XP
 C = Vault XP percentage of total XP
 D = Non-vault monster count
 E = Vault monster count
 F = Vault count percentage of total count
                 A         B        C        D         E       F
            +---------+---------+-------+---------+---------+-------
      Total |  293419 |  203684 |  41.0 |    1018 |     479 |  32.0
            +---------+---------+-------+---------+---------+-------
        D:1 |      46 |       0 |   0.0 |      28 |       0 |   0.0
        D:2 |      99 |       0 |   0.0 |      33 |       0 |   0.0
        D:3 |     140 |      95 |  40.4 |      40 |      18 |  31.0
        D:4 |     612 |     678 |  52.6 |      23 |       2 |   8.0
        D:5 |     565 |     682 |  54.7 |      24 |       4 |  14.3
        D:6 |     743 |       0 |   0.0 |      16 |       0 |   0.0
        D:7 |     898 |     696 |  43.7 |      21 |       2 |   8.7
        D:8 |    3565 |    1448 |  28.9 |      45 |       6 |  11.8
        D:9 |     985 |     355 |  26.5 |      25 |       1 |   3.8
       D:10 |    3225 |       0 |   0.0 |      21 |       0 |   0.0
       D:11 |    3414 |    2846 |  45.5 |      29 |      10 |  25.6
       D:12 |    3519 |    1304 |  27.0 |      14 |       8 |  36.4
       D:13 |    3168 |    1638 |  34.1 |      20 |       4 |  16.7
       D:14 |   11442 |    2316 |  16.8 |      41 |       5 |  10.9
       D:15 |   13157 |    3879 |  22.8 |      40 |       5 |  11.1
     Lair:1 |    4811 |     149 |   3.0 |      15 |       1 |   6.2
     Lair:2 |    8766 |    5247 |  37.4 |      32 |      19 |  37.3
     Lair:3 |    7798 |     643 |   7.6 |      20 |       3 |  13.0
     Lair:4 |    6781 |    1664 |  19.7 |      21 |       7 |  25.0
     Lair:5 |   10737 |    1120 |   9.4 |      39 |       4 |   9.3
     Lair:6 |    4634 |    9321 |  66.8 |      15 |      30 |  66.7
    Swamp:1 |   10648 |     608 |   5.4 |      21 |       4 |  16.0
    Swamp:2 |   12148 |    9758 |  44.5 |      32 |      13 |  28.9
    Swamp:3 |   13218 |    6668 |  33.5 |      35 |       5 |  12.5
    Swamp:4 |   10163 |   16305 |  61.6 |      19 |      30 |  61.2
   Spider:1 |   19868 |    6243 |  23.9 |      57 |      20 |  26.0
   Spider:2 |   15691 |    3670 |  19.0 |      44 |       8 |  15.4
   Spider:3 |   11083 |       0 |   0.0 |      32 |       0 |   0.0
   Spider:4 |   19642 |   26923 |  57.8 |      47 |      42 |  47.2
      Orc:1 |     456 |     133 |  22.6 |       4 |       1 |  20.0
      Orc:2 |    1637 |   12251 |  88.2 |      23 |      62 |  72.9
   Vaults:1 |   15645 |   17695 |  53.1 |      33 |      41 |  55.4
   Vaults:2 |   40318 |   20671 |  33.9 |      62 |      33 |  34.7
   Vaults:3 |   26344 |   24149 |  47.8 |      38 |      29 |  43.3
   Vaults:4 |    7453 |   24164 |  76.4 |       9 |      30 |  76.9
      Sewer |       0 |     163 | 100.0 |       0 |      11 | 100.0
    Ossuary |       0 |     202 | 100.0 |       0 |      21 | 100.0
            +---------+---------+-------+---------+---------+-------
